Map: Oxide LE

Players

Erik - Winner!

  • Race: Zerg Zerg
  • Spawn Location: 7:00

eGGz

  • Race: Zerg Zerg
  • League: Grandmaster
  • Spawn Location: 1:00

Event: DreamHack SC2 Masters 2020 Winter

VOD

Have the link to the VOD?

Description

Time

  • Played on: Oct. 14, 2020, 7:17 p.m.
  • Length: 10:09

All games in this series

Show
View Real Time Build Order
Export as new Build Order

Erik Zerg - Winner!

Build Orders: Pool First 

Get SALT Encoding   

  12  0:00  Drone  
  13  0:08  Drone  
  14  0:14  Drone, Extractor  
  15  0:22  Overlord  
  15  0:36  Spawning Pool  
  15  0:40  Drone  
  15  0:43  Drone  
  15  0:46  Drone  
  17  1:07  Hatchery  
  17  1:10  Drone  
  17  1:23  Zergling x4  
  17  1:24  Extractor  
  18  1:26  Zergling x2  
  19  1:37  Zergling x2  
  19  1:38  Queen  
  22  1:48  Overlord  
  22  1:59  Drone, Extractor  
  23  2:10  Drone  
  23  2:14  Queen  
  26  2:21  Queen  
  26  2:22  Drone x2  
  27  2:31  Drone x2  
  29  2:41  Drone  
  29  2:43  Drone  
  30  2:46  Drone x3  
  30  2:49  Metabolic Boost  
  33  3:03  Baneling Nest  
  33  3:04  Drone x3  
  35  3:11  Drone  
  36  3:21  Overlord  
  36  3:22  Overlord  
  36  3:28  Evolution Chamber, Extractor  
  36  3:29  Extractor  
  33  3:36  Drone x3  
  33  3:40  Drone x3  
  33  3:41  Drone  
  40  3:53  Zergling x6  
  40  3:54  Zergling x4  
  45  3:56  Drone, Zerg Ground Armor Level 1  
  45  3:59  Drone  
  45  4:02  Drone x2  
  49  4:07  Drone  
  51  4:10  Drone  
  51  4:21  Baneling  
  51  4:23  Hatchery  
  50  4:24  Drone x2  
  52  4:34  Roach Warren  
  52  4:35  Lair  
  52  4:36  Baneling  
  50  4:49  Zergling x4  
  50  4:51  Overlord  
  51  4:58  Overlord  
  51  5:03  Overlord  
  51  5:04  Baneling  
  51  5:05  Baneling  
  51  5:06  Overlord  
  50  5:07  Zergling x2  
  50  5:13  Baneling  
  49  5:14  Baneling  
  49  5:15  Drone  
  49  5:18  Drone x4  
  49  5:20  Extractor  
  55  5:21  Roach x4  
  60  5:31  Roach  
  60  5:35  Drone, Queen  
  63  5:37  Drone  
  66  5:52  Drone x9  
  75  5:59  Roach x2  
  75  6:02  Pneumatized Carapace  
  75  6:03  Overseer  
  79  6:07  Zerg Missile Weapons Level 1  
  79  6:08  Drone x3  
  82  6:13  Overlord  
  85  6:22  Roach  
  85  6:23  Roach  
  85  6:26  Roach  
  89  6:32  Roach  
  89  6:33  Roach x4  
  89  6:36  Overlord  
  97  6:44  Overlord  
  93  6:52  Roach x6  
  96  7:01  Overlord  
  96  7:02  Roach  
  96  7:03  Roach x6  
  96  7:04  Queen x2  
  113  7:17  Overlord x2  
  113  7:19  Queen  
  113  7:21  Zergling x6  
  118  7:28  Zergling x6  
  119  7:38  Glial Reconstitution  
  119  7:40  Queen  
  119  7:41  Zergling x6  
  123  7:45  Zergling x4  
  123  7:46  Zergling x4  
  123  7:53  Queen  
  123  7:55  Queen  
  127  7:59  Spore Crawler  
  127  8:00  Hydralisk Den  
  117  8:09  Drone  
  108  8:14  Spore Crawler  
  108  8:15  Queen  
  108  8:16  Spore Crawler  
  108  8:17  Spore Crawler  
  108  8:19  Spore Crawler  
  94  8:20  Drone x8  
  94  8:23  Spore Crawler  
  96  8:28  Queen  
  96  8:30  Queen  
  91  8:39  Zergling x8  
  82  8:42  Spore Crawler  
  82  8:43  Spore Crawler  
  76  8:50  Spore Crawler  
  76  8:51  Queen  
  76  8:53  Spore Crawler, Zergling x20  
  84  9:04  Queen  
  84  9:06  Queen  
  80  9:27  Queen, Hydralisk x3  
  88  9:34  Hydralisk x2  
  91  9:40  Lurker Den  
  91  9:41  Spore Crawler  
  91  9:42  Spore Crawler  
Show
View Real Time Build Order
Export as new Build Order

eGGz Zerg 

Build Orders: 3 Hatch before Pool 

Get SALT Encoding   

  12  0:00  Drone  
  13  0:14  Overlord  
  13  0:17  Drone  
  14  0:33  Drone  
  14  0:34  Drone  
  16  0:47  Hatchery  
  15  0:52  Drone  
  15  0:56  Drone  
  17  0:59  Drone  
  18  1:06  Extractor  
  17  1:23  Hatchery  
  16  1:34  Spawning Pool  
  16  1:37  Drone  
  16  1:42  Drone  
  18  1:47  Drone  
  18  2:02  Drone  
  19  2:22  Zergling x8  
  19  2:31  Drone x2  
  19  2:37  Drone  
  20  2:44  Drone  
  20  2:45  Drone  
  22  2:53  Metabolic Boost  
  22  2:56  Drone  
  23  2:59  Drone  
  23  3:01  Drone  
  25  3:09  Queen  
  27  3:13  Zergling x2  
  27  3:19  Drone x2  
  30  3:21  Drone  
  30  3:24  Drone  
  32  3:27  Drone  
  32  3:31  Drone  
  34  3:42  Baneling Nest  
  34  3:46  Extractor, Queen  
  34  3:49  Overlord  
  34  3:53  Extractor  
  33  3:57  Drone  
  33  3:58  Overlord  
  36  4:07  Drone x6  
  42  4:14  Overlord  
  42  4:20  Drone x3  
  42  4:21  Drone  
  42  4:22  Drone  
  47  4:29  Zergling x4  
  49  4:31  Lair  
  49  4:34  Zergling x2  
  49  4:35  Zergling x2  
  49  4:36  Baneling  
  49  4:38  Drone  
  52  4:40  Drone x2  
  54  4:47  Drone  
  52  4:55  Drone  
  52  4:56  Drone  
  54  5:02  Overlord  
  54  5:04  Zergling x2  
  54  5:05  Extractor x2, Zergling x10  
  55  5:11  Overlord  
  54  5:14  Extractor, Queen  
  54  5:16  Drone x2, Extractor x2  
  54  5:18  Overlord  
  54  5:19  Baneling  
  54  5:20  Baneling  
  55  5:26  Drone x3  
  54  5:31  Drone x2  
  54  5:34  Drone x3  
  59  5:40  Baneling  
  59  5:41  Overlord  
  59  5:42  Drone  
  60  5:49  Drone  
  59  5:59  Zergling x2  
  59  6:00  Spire, Zergling x6  
  59  6:03  Zergling x6  
  65  6:08  Roach Warren  
  65  6:09  Drone x2  
  65  6:13  Drone x2  
  65  6:15  Baneling  
  65  6:17  Zergling x10  
  65  6:18  Zergling x2  
  73  6:30  Overlord  
  73  6:44  Baneling  
  73  6:46  Drone x2  
  73  6:47  Drone x2, Overlord  
  76  6:49  Drone  
  75  6:57  Overlord  
  75  7:01  Overlord  
  72  7:02  Drone x5  
  72  7:04  Overlord  
  72  7:13  Mutalisk x5  
  72  7:15  Mutalisk  
  82  7:20  Mutalisk  
  82  7:22  Mutalisk  
  85  7:26  Mutalisk  
  85  7:29  Mutalisk  
  88  7:30  Mutalisk  
  88  7:35  Mutalisk x2  
  88  7:36  Zergling x2  
  92  7:42  Roach x2  
  92  7:43  Roach  
  97  7:46  Roach  
  97  7:50  Mutalisk  
  82  7:59  Mutalisk  
  82  8:00  Zergling x2  
  82  8:01  Zergling x4  
  64  8:06  Drone  
  63  8:18  Mutalisk  
  65  8:26  Zergling x6  
  59  8:36  Zergling x8  
  58  8:44  Zergling x4  
  58  8:47  Zergling x2  
  61  8:51  Zergling x2  
  61  8:52  Zergling x2  
  63  9:01  Zergling x4  
  61  9:16  Zergling x4  
  51  9:22  Zergling x4  
  52  9:29  Queen x2  
  56  9:32  Baneling x2  
  56  9:40  Baneling x2  
  56  9:44  Drone x2  
  56  9:45  Drone  
  59  9:50  Drone  
  57  9:53  Drone  
Tags
 
Add a new tag
Caveats
  • Supply blocks, unpowered buildings, or Contaminate may cause inaccurate times.
  • Supply counts are checked every 10 seconds.